 Dungeon Crawl Stone Soup version 0.31-a0-219-g8d62b2e7bb (webtiles) character file.

Game seed: 1706195289186080738

180 qw the Shooter (level 5, -1/30 HPs)
             Began as a Gargoyle Hexslinger on July 3, 2023.
             Slain by an ice beast (13 damage)
             ... on level 3 of the Dungeon.
             The game lasted 00:01:11 (2455 turns).

qw the Shooter (Gargoyle Hexslinger)                Turns: 2455, Time: 00:01:11

Health: -1/30      AC: 10    Str: 11    XL:     5   Next: 60%
Magic:  6/6        EV: 11    Int: 14    God:
Gold:   27         SH:  0    Dex: 14    Spells: 5/6 levels left

rFire   + . .        Y - +1 sling
rCold   . . .        (no shield)
rNeg    + . .        c - +0 troll leather armour {Pargi}
rPois   inf          f - +0 helmet
rElec   +            (no cloak)
rCorr   .            h - +0 pair of gloves
SInv    .            (no boots)
Will    .....        (no amulet)
Stlth   +            g - ring of protection from fire
HPRegen 1.05/turn    (no ring)
MPRegen 0.10/turn

%: no passive effects
@: no status effects
A: sickness immunity, AC +4, negative energy resistance 1, electricity
resistance, torment resistance 1, petrification resistance
a: no special abilities


You were on level 3 of the Dungeon.
You visited 1 branch of the dungeon, and saw 3 of its levels.
You also visited: Sewer.

You collected 150 gold pieces.
You spent 123 gold pieces at shops.


Innate Abilities, Weirdness & Mutations

You are immune to sickness and miasma.
Your stone body is resilient. (AC +4)
You are immune to poison.
You resist negative energy. (rN+)
You are resistant to electric shocks. (rElec)
You are resistant to unholy torment.
You are immune to petrification.


   Skills:
 + Level 2.1 Fighting
 - Level 5.2 Ranged Weapons
 - Level 1.0 Armour
 - Level 1.5 Dodging
 - Level 1.0 Spellcasting
 - Level 2.6 Hexes


You had 5 spell levels left.
You knew the following spells:

 Your Spells              Type           Power      Damage    Failure   Level
a - Slow                  Hex            32%        N/A       12%         1

Your spell library contained the following spells:

 Spells                   Type           Power      Damage    Failure   Level
 Inner Flame              Hex/Fire       4%         N/A       52%         3
 Portal Projectile        Hex/Tloc       8%         N/A       52%         3
 Cause Fear               Hex            4%         N/A       75%         4

Inventory:

Hand Weapons
 Y - a +1 sling (weapon)
Armour
 c - a +0 troll leather armour (worn) {Pargi}
 f - a +0 helmet (worn)
 h - a +0 pair of gloves (worn)
Jewellery
 g - a ring of protection from fire (left hand)
Scrolls
 a - a scroll of identify
Potions
 b - a potion of haste
 e - a potion of might
 i - a potion of curing
 j - a potion of resistance
 k - a potion of brilliance {unknown}

Dungeon Overview and Level Annotations

Branches:
Dungeon (3/15)              Sewer (visited)

Altars:

Shops:
D:2 ![


Message History

The bat hits you but does no damage. The ice beast closely misses you.
You shoot a sling bullet.
The sling bullet hits the ice beast but does no damage.
The ice beast is heavily wounded.
The bat hits you but does no damage.
The ice beast hits you but does no damage.
You shoot a sling bullet. The sling bullet hits the ice beast.
The ice beast is severely wounded.
The bat hits you but does no damage. The ice beast barely misses you.
You shoot a sling bullet. The sling bullet hits the ice beast.
The ice beast is severely wounded.
The bat hits you but does no damage.
The ice beast hits you but does no damage. x2
You shoot a sling bullet.
The sling bullet hits the ice beast but does no damage.
The ice beast is severely wounded.
The bat closely misses you. x2; The ice beast misses you.
You shoot a sling bullet.
The sling bullet barely misses the ice beast.
The bat closely misses you. The ice beast completely misses you.
You shoot a sling bullet.
The sling bullet barely misses the ice beast.
The bat hits you but does no damage. x2
The ice beast hits you but does no damage.
The bat closely misses you.
You shoot a sling bullet. The sling bullet hits the ice beast.
The ice beast is severely wounded.
The bat closely misses you. The ice beast hits you. The ice beast freezes you!
You shoot a sling bullet.
The sling bullet barely misses the ice beast.
The bat hits you but does no damage. The bat closely misses you.
The ice beast hits you but does no damage.
You shoot a sling bullet.
The sling bullet barely misses the ice beast.
The bat hits you but does no damage. x2; The ice beast closely misses you.
The bat closely misses you.
You shoot a sling bullet.
The sling bullet barely misses the ice beast.
The bat barely misses you. The ice beast hits you. The ice beast freezes you!
You die...

##.#<#
#~~~~#K.#
###.#
#~~~##K.# #.#
#~~~# ## #.#
##~~# #.#
##~# #.# #~#
#####.#####
###
###.........#
......Y@###.#
##..##.b.# #.
#.....# #
.%.......
#.##..###.#
#. #..# .# .
...# # # ....


You could see an ice beast and a bat.

Vanquished Creatures
  Pargi (Sewer)
  An adder (D:2)
  A river rat (D:3)
  A worm (D:2)
  2 dart slugs
  10 ball pythons
  5 endoplasms
  4 giant cockroaches
  5 goblins
  5 hobgoblins
  4 jackals (D:1)
  4 bats
  8 frilled lizards
  4 kobolds
  8 rats
63 creatures vanquished.

Notes
Turn   | Place    | Note
-------+----------+-------------------------------------------
     0 | D:1      | qw the Gargoyle Hexslinger began the quest for the Orb.
     0 | D:1      | Reached XP level 1. HP: 12/12 MP: 2/2
     0 | D:1      | 0 ||| qw: Version: 0.3-a-40-ge99b1a8
     0 | D:1      | 0 ||| qw: Game counter: 378
     0 | D:1      | 0 ||| qw: Melee chars always use a shield: true
     0 | D:1      | 0 ||| qw: God list: Okawaru
     0 | D:1      | 0 ||| qw: Allow faded altars: false
     0 | D:1      | 0 ||| qw: Do Orc after clearing Dungeon:15 true
     0 | D:1      | 0 ||| qw: Do second Lair branch before Depths: true
     0 | D:1      | 0 ||| qw: Lair rune preference: random
     0 | D:1      | 0 ||| qw: Goals: Normal
     0 | D:1      | 0 ||| PLANNING D:1-11
   151 | D:1      | Reached XP level 2. HP: 10/16 MP: 3/3
   357 | D:1      | Reached skill level 3 in Ranged Weapons
   745 | D:1      | Reached XP level 3. HP: 21/21 MP: 4/4
   928 | D:1      | 928 ||| UPGRADING to +0 ring mail.
   938 | D:1      | 938 ||| DROPPING +0 robe.
   939 | D:1      | 939 ||| UPGRADING to ring of protection from fire.
   940 | D:1      | 940 ||| READING 3 scrolls labelled EPHAORIRGHA.
   941 | D:1      | 941 ||| READING scroll labelled QARUMU MEIS.
   956 | D:1      | 956 ||| READING scroll labelled GIUGHO OLADOK.
   961 | D:1      | 961 ||| READING scroll labelled FIVAHU KUARI.
   962 | D:1      | 962 ||| DRINKING 4 puce potions.
   963 | D:1      | 963 ||| READING 2 scrolls of identify.
   963 | D:1      | 963 ||| IDENTIFYING grey potion
   964 | D:1      | 964 ||| DROPPING scroll of poison.
   978 | D:2      | Found a faded altar of an unknown god.
  1174 | D:2      | HP: 1/21 [worm (6)]
  1175 | D:2      | 1175 ||| DRINKING 3 potions of heal wounds.
  1317 | D:2      | 1317 ||| FLEEEEING.
  1318 | D:2      | 1318 ||| FLEEEEING.
  1319 | D:2      | 1319 ||| FLEEEEING.
  1320 | D:2      | 1320 ||| FLEEEEING.
  1450 | D:2      | Found Ugiesus's Armour Shop.
  1455 | D:2      | 1455 ||| BUYING +0 helmet (45 gold).
  1455 | D:2      | Bought a +0 helmet for 45 gold pieces
  1455 | D:2      | 1455 ||| BUYING +0 pair of gloves (45 gold).
  1455 | D:2      | Bought a +0 pair of gloves for 45 gold pieces
  1455 | D:2      | 1455 ||| SHOPLISTING +2 ring mail of fire resistance (210
                  | gold, have 46).
  1463 | D:2      | Found Udghejy's Distillery.
  1471 | D:2      | 1471 ||| BUYING potion of curing (33 gold).
  1471 | D:2      | Bought a potion of curing for 33 gold pieces
  1471 | D:2      | 1471 ||| SHOPLISTING potion of heal wounds (55 gold, have
                  | 13).
  1471 | D:2      | 1471 ||| SHOPLISTING potion of might (44 gold, have 13).
  1471 | D:2      | 1471 ||| SHOPLISTING potion of mutation (88 gold, have 13).
  1752 | D:2      | 1752 ||| UPGRADING to +0 helmet.
  1757 | D:2      | 1757 ||| UPGRADING to +0 pair of gloves.
  1762 | D:2      | 1762 ||| READING scroll labelled USTRAEF CYEMAOQ.
  1763 | D:2      | 1763 ||| DRINKING 2 pink potions.
  1794 | D:3      | 1794 ||| PLANNING SEWER
  1879 | D:3      | Reached XP level 4. HP: 26/26 MP: 5/5
  1971 | D:3      | Reached skill level 1 in Armour
  1992 | D:3      | Found a glowing drain.
  1993 | D:3      | 1993 ||| READING scroll labelled JAUHUA ODDUQ.
  2006 | D:3      | HP: 6/26 [river rat (4)]
  2007 | D:3      | 2007 ||| DRINKING 2 potions of heal wounds.
  2021 | D:3      | Reached skill level 4 in Ranged Weapons
  2094 | Sewer    | Entered a sewer
  2124 | Sewer    | Noticed Pargi
  2143 | Sewer    | HP: 5/26 [Pargi (3)]
  2144 | Sewer    | 2144 ||| DRINKING potion of heal wounds.
  2158 | Sewer    | Killed Pargi
  2159 | Sewer    | Reached skill level 5 in Ranged Weapons
  2159 | Sewer    | Reached XP level 5. HP: 14/30 MP: 6/6
  2230 | Sewer    | 2230 ||| Stepping ~*~*~tactically~*~*~ (water).
  2277 | Sewer    | 2277 ||| Stepping ~*~*~tactically~*~*~ (water).
  2286 | Sewer    | 2286 ||| Stepping ~*~*~tactically~*~*~ (water).
  2331 | Sewer    | 2331 ||| UPGRADING to +0 troll leather armour {Pargi}.
  2341 | Sewer    | 2341 ||| DROPPING +0 ring mail.
  2342 | Sewer    | 2342 ||| READING scroll labelled DODINO HAEHIATS.
  2343 | Sewer    | 2343 ||| READING scroll labelled ROERIGRUFF.
  2344 | Sewer    | 2344 ||| READING 2 scrolls of identify.
  2344 | Sewer    | 2344 ||| IDENTIFYING ruby potion
  2364 | D:3      | 2364 ||| PLANNING D:1-11
  2405 | D:3      | Noticed a kobold brigand
  2431 | D:3      | Noticed an ice beast
  2455 | D:3      | Slain by an ice beast

Levels and vault maps discovered:
D:1:      lightli_arrival_isolated_outpost, layout_loops_corners,
          item_on_display_a
D:2:      layout_loops_cross, basic_ecumenical_altar, serial_shops, shop, shop,
          serial_bayou_lagoon_b
D:3:      cheibrodos_thug_alley, layout_loops_corners, portal_sewer_entry_e

Skill      XL: |  1  2  3  4 |
---------------+-------------+-----
Ranged Weapons | 3 5 |  5.2
Fighting       | 2 |  2.1
Armour         | 1 |  1.0
Dodging        | |  1.5
Spellcasting   | |  1.0
Hexes          | |  2.6

Action                     |  1- 3 |  4- 6 || total
---------------------------+-------+-------++-------
   Fire: Sling             |   166 |   127 ||   293
    Use: Scroll            |     6 |     4 ||    10
         Potion            |     3 |     2 ||     5
 Armour: Robe              |     9 |       ||     9
         Ring mail         |    32 |    86 ||   118
         Troll leather arm |       |    22 ||    22
  Dodge: Dodged            |    53 |   100 ||   153

Table legend:
 A = Non-vault XP
 B = Vault XP
 C = Vault XP percentage of total XP
 D = Non-vault monster count
 E = Vault monster count
 F = Vault count percentage of total count
                 A         B        C        D         E       F
            +---------+---------+-------+---------+---------+-------
      Total |      90 |     168 |  65.1 |      45 |      18 |  28.6
            +---------+---------+-------+---------+---------+-------
        D:1 |      35 |       0 |   0.0 |      21 |       0 |   0.0
        D:2 |      41 |       0 |   0.0 |      16 |       0 |   0.0
        D:3 |      14 |      21 |  60.0 |       8 |       7 |  46.7
      Sewer |       0 |     147 | 100.0 |       0 |      11 | 100.0
            +---------+---------+-------+---------+---------+-------
